[Event "*** Titled Tuesday Blitz"]
[Site "Chess.com"]
[Date "2021.02.09"]
[Round "9"]
[White "rachidhuilda"]
[Black "zim0ne"]
[Result "1/2-1/2"]
[WhiteElo "2323"]
[BlackElo "2528"]
[TimeControl "180+1"]
[EndTime "11:44:33 PST"]
[Termination "Game drawn by repetition"]

1. d4 d5 2. c4 c6 3. Nf3 Nf6 4. Nc3 g6 5. c5 Bg7 6. h3 O-O 7. Bf4 b6 8. cxb6 Qxb6 9. Na4 Qb7 10. b3 Nbd7 11. e3 Ne4 12. Bd3 c5 13. O-O cxd4 14. exd4 Nb6 15. Nc5 Nxc5 16. dxc5 Bxa1 17. Qxa1 Nd7 18.
Bh6 f6 19. Rc1 Qc7 20. c6 Nb6 21. Bxf8 Kxf8 22. Nd4 e5 23. Nb5 Qe7 24. Qb1 a6 25. Nc3 Ra7 26. Na4 Nxa4 27. bxa4 Rc7 28. Qb6 e4 29. Bxa6 Bxa6 30. Qxa6 d4 31. Qc4 d3 32. a5 f5 33. a6 Qd6 34. a7 Rc8 35. c7 d2 36. Rd1 Ke7 37. Qc3 Qb6 38. Rxd2 Qxa7 39.
Qg7+ Ke6 40. Qxh7 Kf6 41. Qh4+ Ke6 42. Qh7 Qxc7 43. Qxg6+ Ke5 44. Qg3+ Ke6 45. Qg6+ Ke5 46. Qg3+ Ke6 47. Qg6+ 1/2-1/2

[Event "*** Titled Tuesday Blitz"]
[Site "Chess.com"]
[Date "2021.02.09"]
[Round "9"]
[White "Rodalquilar"]
[Black "Arseniy_Nesterov"]
[Result "0-1"]
[WhiteElo "2689"]
[BlackElo "2816"]
[TimeControl "180+1"]
[EndTime "11:44:34 PST"]
[Termination "Arseniy_Nesterov won by checkmate"]

1. d4 d5 2. Bf4 c5 3. e3 cxd4 4. exd4 Nc6 5. Nf3 Bf5 6. Nbd2 e6 7. c3 Bd6 8. Bxd6 Qxd6 9. Be2 Nge7 10. O-O O-O 11. Re1 h6 12. a4 b6 13. Ba6 f6 14. Qe2 Rae8 15. Bb5 Rd8 16. Nh4 Kf7 17. Qh5+ Kg8 18. Nxf5 Nxf5 19. Bd3 Nfe7 20. Re3 e5 21.
Rg3 e4 22. Nxe4 dxe4 23. Qxh6 Qxg3 24. Bc4+ Nd5 25. Qh5 Qg5 26. Qe2 Rfe8 27. g3 Kh7 28. h4 Qg6 29. Rf1 f5 30. Kh2 Nf6 31. f3 exf3 32.
Qxf3 Ng4+ 33. Kh3 Ne3 34. Bd3 Kh8 35. Kh2 Nxf1+ 36. Qxf1 Re3 37. Bxf5 Qxg3+ 38. Kh1 Qxh4+ 39. Kg2 Rg3+ 40. Kf2 Qf4+ 41. Ke2 Qxf1+ 42. Kxf1 Rf3+ 43. Ke2 Rxf5 44. Kd3 Ne5+ 45. Kc2 Rf2+ 46. Kb3 g5 47. Kb4 g4 48. b3 g3 49. c4 g2 50. d5 g1=Q 51. Kb5 Qg7 52. b4 Qd7+ 53. Ka6 Qxa4+ 54.
Kb7 Rf7# 0-1

[Event "*** Titled Tuesday Blitz"]
[Site "Chess.com"]
[Date "2021.02.09"]
[Round "9"]
[White "vladgoncharov"]
[Black "Kostukov_Alex"]
[Result "1-0"]
[WhiteElo "2497"]
[BlackElo "2372"]
[TimeControl "180+1"]
[EndTime "11:44:35 PST"]
[Termination "vladgoncharov won on time"]

1. e4 c5 2. Nf3 g6 3. d4 cxd4 4. Nxd4 Bg7 5. c4 Nc6 6. Be3 Nf6 7. Nc3 Nxd4 8. Bxd4 Qa5 9. Bd3 O-O 10. O-O d6 11. a3 Be6 12. b4 Qc7 13. Nd5 Nxd5 14. Bxg7 Ne3 15. Qe2 Nxf1 16. Bxf8 Rxf8 17. Rxf1 a5 18.
Rc1 axb4 19. axb4 b5 20. c5 dxc5 21. Rxc5 Qa7 22. Bxb5 Rd8 23. h3 Qa1+ 24. Kh2 Rd1 25. Bc4 Re1 26. Qd2 Rd1 27. Qe2 Re1 28. Qa2 Rh1+ 29.
Kg3 Qc3+ 30. f3 1-0

[Event "*** Titled Tuesday Blitz"]
[Site "Chess.com"]
[Date "2021.02.09"]
[Round "9"]
[White "dpopadic"]
[Black "CoachHakia"]
[Result "1-0"]
[WhiteElo "2332"]
[BlackElo "2164"]
[TimeControl "180+1"]
[EndTime "11:44:35 PST"]
[Termination "dpopadic won by resignation"]

1. e4 d5 2. exd5 Qxd5 3. Nc3 Qa5 4. d4 Nf6 5. Nf3 Bf5 6. Bc4 e6 7. Qe2 c6 8. Bd2 Qc7 9. Bb3 Bd6 10. h3 O-O 11.
O-O Nbd7 12. Rad1 Rad8 13. Rfe1 Bf4 14. Ne5 Bxd2 15. Rxd2 Nxe5 16. dxe5 Rxd2 17. Qxd2 Rd8 18. Qe2 Nd5 19. Rd1 Nxc3 20. Rxd8+ Qxd8 21. bxc3 h6 22. c4 Qa5 23. f4 Qc3 24. Kf2 a5 25. Qe3 Qb2 26.
Qd2 a4 27. Bxa4 Qxa2 28. Bb3 Qa7+ 29. Qe3 Qxe3+ 30. Kxe3 Kf8 31. c5 h5 32. h4 Ke7 33.
c3 f6 34. Kd4 Bg4 35. g3 Bf3 36. Bc2 f5 37. Kc4 Kd7 38. Kb4 Kc7 39. Ka5 Bd5 40.
Bd1 g6 41. Be2 Be4 42. Bc4 Bf3 43. Bxe6 Bd5 44. Bxd5 cxd5 45. Kb5 1-0

[Event "*** Titled Tuesday Blitz"]
[Site "Chess.com"]
[Date "2021.02.09"]
[Round "9"]
[White "PSvidler"]
[Black "Sibelephant"]
[Result "1/2-1/2"]
[WhiteElo "2910"]
[BlackElo "3029"]
[TimeControl "180+1"]
[EndTime "11:44:36 PST"]
[Termination "Game drawn - insufficient material"]

1. e4 e5 2. Nf3 Nc6 3. Bb5 a6 4. Ba4 d6 5. O-O Bd7 6. c3 g6 7. d4 Bg7 8. dxe5 Nxe5 9. Nxe5 dxe5 10. f4 Bxa4 11. Qxa4+ Qd7 12. Qxd7+ Kxd7 13. fxe5 Ke6 14. Nd2 Bxe5 15. Nf3 f6 16. Be3 Ne7 17. Nd4+ Kf7 18.
Bf4 Bxf4 19. Rxf4 c5 20. Nb3 b6 21. Raf1 f5 22. exf5 gxf5 23. Nd2 Rhd8 24. Nc4 b5 25. Ne3 Rd2 26. Nxf5 Rxb2 27. Nd6+ Kg8 28. Rg4+ Ng6 29. h4 Rf8 30. h5 Rxf1+ 31. Kxf1 Kg7 32. hxg6 hxg6 33.
a4 b4 34. cxb4 cxb4 35. Nc4 Ra2 36. Ke1 b3 37. Kd1 Rxa4 38. Kd2 Rb4 39. Ne3 Rxg4 40. Nxg4 a5 41. Kc3 a4 42. Ne5 Kf6 43. Nd7+ Kf5 44. Nc5 Kf4 45. Nxa4 Kg3 46. Nc5 Kxg2 47. Kxb3 g5 48.
Ne4 g4 49. Nf6 g3 50. Ne4 Kf3 51. Nxg3 1/2-1/2

[Event "*** Titled Tuesday Blitz"]
[Site "Chess.com"]
[Date "2021.02.09"]
[Round "9"]
[White "serhanberat_ozdemir"]
[Black "mbojan"]
[Result "1-0"]
[WhiteElo "2501"]
[BlackElo "2609"]
[TimeControl "180+1"]
[EndTime "11:44:37 PST"]
[Termination "serhanberat_ozdemir won by checkmate"]

1. e4 g6 2. d4 Bg7 3. Nc3 d6 4. Nf3 a6 5. Be3 b5 6. Bd3 Bb7 7. a4 b4 8. Ne2 Nd7 9. Qd2 c5 10. c3 Ngf6 11. Ng3 Ng4 12. Bg5 h6 13. Bh4 g5 14.
Nf5 Bf8 15. Bg3 Ndf6 16. Qe2 e6 17. e5 dxe5 18. dxe5 Nd5 19. h3 exf5 20. Bxf5 Nge3 21.
fxe3 bxc3 22. e6 Bg7 23. Be5 fxe6 24. Bxg7 Rg8 25. Bg6+ Ke7 26. Bxh6 Rxg6 27. Bxg5+ Rxg5 28. Nxg5 Qh8 29. O-O cxb2 30. Rad1 Rf8 31. e4 Rxf1+ 32. Qxf1 Nc3 33. Qf7# 1-0

[Event "*** Titled Tuesday Blitz"]
[Site "Chess.com"]
[Date "2021.02.09"]
[Round "9"]
[White "olksuna"]
[Black "ega2006"]
[Result "1-0"]
[WhiteElo "2672"]
[BlackElo "2407"]
[TimeControl "180+1"]
[EndTime "11:44:38 PST"]
[Termination "olksuna won by resignation"]

1. e4 c5 2. Nf3 Nc6 3. d4 cxd4 4. Nxd4 g6 5. c4 Bg7 6. Be3 Nf6 7. Nc3 O-O 8. Be2 d6 9. O-O Bd7 10. h3 a6 11. Nf3 Rc8 12. a3 Ne5 13. Nxe5 dxe5 14. b4 b5 15. c5 Bc6 16. Qc2 Qc7 17. Rfd1 Qb7 18. Bf3 Rfd8 19. g3 h5 20. h4 Kh7 21.
Kg2 Bh6 22. Bxh6 Kxh6 23. Qc1+ Kg7 24. Qg5 Qc7 25. Nd5 Qb7 26. Qxe5 Re8 27. Rd2 Qb8 28. Qc3 e5 29. Nxf6 Kxf6 30. Rd6+ Kg7 31. Rad1 f6 32. Qe3 Red8 33. Qd2 Rxd6 34. Qxd6 Qxd6 35. Rxd6 Kf7 36.
Kf1 f5 37. Ke2 fxe4 38. Bg2 Ke7 39. Ke3 a5 40. Bxe4 Bxe4 41. Kxe4 axb4 42. axb4 Ra8 1-0

[Event "*** Titled Tuesday Blitz"]
[Site "Chess.com"]
[Date "2021.02.09"]
[Round "9"]
[White "DrVelja"]
[Black "Alexchess1984"]
[Result "1-0"]
[WhiteElo "2834"]
[BlackElo "2719"]
[TimeControl "180+1"]
[EndTime "11:44:39 PST"]
[Termination "DrVelja won by resignation"]

1. e4 c5 2. Nc3 Nc6 3. Bb5 Nf6 4.
Bxc6 bxc6 5. d3 d5 6. Qe2 d4 7.
Nb1 a5 8. a4 Nd7 9. Nf3 e5 10.
Na3 Bd6 11. Nc4 Bc7 12. b3 Qe7 13. O-O Nb6 14. Nfxe5 Nxc4 15. Nxc4 O-O 16. f4 f5 17. Bd2 Be6 18. exf5 Rxf5 19. Rae1 Re8 20. Nxa5 Bxa5 21. Bxa5 Qd7 22. Bd2 Bf7 23. Qf2 Rf8 24. Re5 Rf6 25. f5 Bd5 26. Bg5 R6f7 27. g4 g6 28. Qg3 gxf5 29. Rfxf5 Rxf5 30. gxf5 Kh8 31. Qf4 Qf7 32. h4 Qh5 33. Kh2 Qd1 34. Bf6+ Rxf6 35. Re8+ Bg8 36. Qg3 Qe2+ 37. Rxe2 1-0

[Event "*** Titled Tuesday Blitz"]
[Site "Chess.com"]
[Date "2021.02.09"]
[Round "9"]
[White "FMJoseHerrera"]
[Black "ketster"]
[Result "1-0"]
[WhiteElo "2593"]
[BlackElo "2456"]
[TimeControl "180+1"]
[EndTime "11:44:39 PST"]
[Termination "FMJoseHerrera won on time"]

1. Nf3 Nf6 2. g3 d5 3. Bg2 e6 4.
O-O c5 5. c4 d4 6. b4 cxb4 7.
a3 a5 8. d3 Nc6 9. Nbd2 Ra6 10. Bb2 Be7 11. axb4 axb4 12. Nb3 e5 13. e3 dxe3 14.
fxe3 e4 15. Rxa6 bxa6 16. Ng5 Bg4 17. Qc2 Na5 18. Nxe4 Nxe4 19. Bxe4 Nxb3 20. Qxb3 O-O 21. Bd4 h5 22. Qb2 f6 23. Bd5+ Kh8 24. Ra1 Qd6 25.
Qa2 h4 26. Qxa6 hxg3 27. Qxd6 Bxd6 28. hxg3 g5 29. Kg2 Kg7 30. Ra7+ Kg6 31. c5 Bb8 32. Rb7 Rd8 33. Be4+ f5 34. Bf3 Bxf3+ 35. Kxf3 f4 36. gxf4 gxf4 37. Rxb4 fxe3 38. Kxe3 Kf5 39.
c6 Bf4+ 40. Kf3 Bd6 41. Rc4 Rc8 42. Be3 Ke6 43. Ke4 Rh8 44. d4 Rh4+ 45. Kd3 Kd5 46. c7 Rh8 47. c8=Q 1-0

[Event "*** Titled Tuesday Blitz"]
[Site "Chess.com"]
[Date "2021.02.09"]
[Round "9"]
[White "IngOscarArdila"]
[Black "Ladislav1969"]
[Result "0-1"]
[WhiteElo "2160"]
[BlackElo "2304"]
[TimeControl "180+1"]
[EndTime "11:44:40 PST"]
[Termination "Ladislav1969 won by resignation"]

1. d4 Nf6 2. c4 g6 3. Nc3 d5 4.
cxd5 Nxd5 5. e4 Nxc3 6. bxc3 c5 7. Bc4 Bg7 8. Ne2 Nc6 9. Be3 O-O 10. O-O Bd7 11. Rc1 Rc8 12. Qd2 Qa5 13. d5 Ne5 14. Bb3 c4 15. Bc2 Ba4 16. Bd4 Bxc2 17. Rxc2 Nd3 18. Bxg7 Kxg7 19. Nf4 Qa6 20. Rd1 Ne5 21. Qd4 Qf6 22. Qe3 b6 23. Rd4 Rc5 24. Rcd2 Rd8 25. h3 Rb5 26. Qg3 Kf8 27. Kh2 Rb1 28. d6 exd6 29. Nd5 Qe6 30. f4 Nd3 31. Qg5 Rd7 32. Nf6 Kg7 33. Nxd7 Qxd7 34. Rxd6 Qxd6 35. e5 Qd5 36. Qf6+ Kg8 37. Re2 Rb2 38. Re4 Rxg2+ 39.
Kh1 Re2 0-1

[Event "*** Titled Tuesday Blitz"]
[Site "Chess.com"]
[Date "2021.02.09"]
[Round "9"]
[White "Marty435"]
[Black "DanilNajdin"]
[Result "1-0"]
[WhiteElo "2607"]
[BlackElo "2480"]
[TimeControl "180+1"]
[EndTime "11:44:43 PST"]
[Termination "Marty435 won by resignation"]

1. c4 e5 2. Nc3 Nf6 3. Nf3 Nc6 4. e3 Bb4 5. Qc2 Bxc3 6. Qxc3 d6 7. d4 exd4 8. Nxd4 O-O 9. Be2 Nxd4 10. Qxd4 Nd7 11. O-O Qf6 12. b3 Qxd4 13. exd4 h6 14. Bb2 Nf6 15. Bd3 c6 16. Rfe1 Be6 17. f3 d5 18.
c5 Rfe8 19. Bc3 g6 20. g4 Kg7 21. h3 Bd7 22. b4 Rxe1+ 23. Rxe1 Re8 24. Rxe8 Nxe8 25.
Kf2 Nc7 26. a4 a6 27. Ke3 f5 28. Be1 Kf6 29. Bg3 Ne6 30. Be5+ Kf7 31. gxf5 gxf5 32. Bxf5 Nxc5 33. Bc2 Ne6 34. h4 Ng7 35. Kf4 Nh5+ 36. Ke3 Ng7 37. Bxg7 Kxg7 38. Kf4 Kf6 39. a5 Be6 40.
Bh7 Bd7 41. Bd3 Bh3 42. Be2 Bd7 43. Kg3 Ke7 44. Bf1 Kd6 45. Kf4 Be6 46. Bd3 Bd7 47. Bf5 Be8 48. Bc8 Kc7 49. Be6 b6 50. Ke5 bxa5 51. bxa5 c5 52. dxc5 Kc6 53. Kd4 Kb5 54. f4 Kxa5 55. f5 1-0

[Event "*** Titled Tuesday Blitz"]
[Site "Chess.com"]
[Date "2021.02.09"]
[Round "9"]
[White "lamomiablanca"]
[Black "dosto07"]
[Result "1-0"]
[WhiteElo "2279"]
[BlackElo "2381"]
[TimeControl "180+1"]
[EndTime "11:44:43 PST"]
[Termination "lamomiablanca won on time"]

1. e4 e5 2. Nf3 Nc6 3. Nc3 Nf6 4. d4 exd4 5. Nxd4 Bb4 6. Nxc6 bxc6 7. Bd3 d5 8. exd5 O-O 9. O-O cxd5 10. h3 Re8 11.
Qf3 c6 12. Bf4 Bxc3 13. bxc3 Ne4 14. Rad1 Qf6 15. Bxe4 Rxe4 16. Rfe1 Bf5 17. Rxe4 Bxe4 18. Qg3 Bxc2 19. Re1 Be4 20. Qe3 h6 21. Bg3 Qg6 22. Qc5 h5 23. h4 f5 24. Qe3 Rf8 25. Qf4 Re8 26. f3 Bd3 27. Rd1 Bc4 28. Rb1 Qf7 29. a4 a5 30. Qd6 Kh7 31. Qxc6 Re2 32. Rb6 Qe8 33. Qd6 Qe3+ 34. Kh2 Qxc3 35. Qg6+ 1-0

[Event "*** Titled Tuesday Blitz"]
[Site "Chess.com"]
[Date "2021.02.09"]
[Round "9"]
[White "JiiHart"]
[Black "tylityli"]
[Result "1/2-1/2"]
[WhiteElo "2106"]
[BlackElo "2273"]
[TimeControl "180+1"]
[EndTime "11:44:44 PST"]
[Termination "Game drawn by repetition"]

1. e4 e5 2. Nf3 Nc6 3. Bc4 Nf6 4. Ng5 d5 5. exd5 Na5 6. Bb5+ c6 7. dxc6 bxc6 8. Be2 h6 9. Nf3 e4 10. Ne5 Bc5 11. O-O Qd4 12. Ng4 O-O 13. c3 Qd6 14.
Nxf6+ Qxf6 15. b4 Bxb4 16. Qa4 Rb8 17. a3 Bd6 18. Qxa5 Re8 19. Qxa7 Qe5 20. g3 Bh3 21. Qd4 Bxf1 22. Bxf1 Qe6 23. a4 Red8 24. Qe3 f5 25. d4 f4 26. gxf4 Rf8 27. Qg3 g5 28. Nd2 Kh7 29. Bc4 Qf5 30. Qe3 Qg4+ 31. Kf1 Qd1+ 32. Kg2 Qg4+ 33. Kf1 Qd1+ 34. Kg2 Qg4+ 35. Kf1 1/2-1/2

[Event "*** Titled Tuesday Blitz"]
[Site "Chess.com"]
[Date "2021.02.09"]
[Round "9"]
[White "tan275"]
[Black "TeukkaSalama"]
[Result "0-1"]
[WhiteElo "2243"]
[BlackElo "2381"]
[TimeControl "180+1"]
[EndTime "11:44:45 PST"]
[Termination "TeukkaSalama won by resignation"]

1. c4 e5 2. b3 a5 3. Bb2 d6 4.
Nc3 Nf6 5. Nf3 Be7 6. d4 Nbd7 7. g3 O-O 8. Bg2 c6 9. O-O Qc7 10. Qc2 Re8 11. Rad1 Bf8 12. dxe5 dxe5 13. Ng5 Nc5 14. Nce4 Ncxe4 15. Nxe4 Nxe4 16. Bxe4 g6 17. Rd2 Be6 18.
Rfd1 Bb4 19. Rd3 Bc5 20. e3 Bg4 21. R1d2 Bb4 22. Bc3 Qb6 23. Bg2 Bf5 24. e4 Be6 25. Bxb4 axb4 26. Qd1 Qc5 27. h4 h5 28. Bf3 Ra7 29.
Kg2 Rea8 30. Rd8+ Kg7 31. Rxa8 Rxa8 32. Rd8 Rxa2 33. Rb8 Qxf2+ 0-1

[Event "*** Titled Tuesday Blitz"]
[Site "Chess.com"]
[Date "2021.02.09"]
[Round "9"]
[White "GigaQuparadze"]
[Black "Sharpchess22"]
[Result "1-0"]
[WhiteElo "2911"]
[BlackElo "2729"]
[TimeControl "180+1"]
[EndTime "11:44:46 PST"]
[Termination "GigaQuparadze won by resignation"]

1. e4 c6 2. d4 d5 3. Nc3 dxe4 4. Nxe4 Nf6 5. Nxf6+ exf6 6. c3 Bd6 7. Bd3 O-O 8.
Qc2 Re8+ 9. Ne2 h5 10. O-O Nd7 11. Ng3 h4 12. Nf5 Qc7 13. h3 Nf8 14. Nxh4 c5 15. dxc5 Bxc5 16. b4 Bb6 17. Kh1 Qc6 18. Bf5 Bxf5 19. Nxf5 Rac8 20. Bb2 Re4 21. Nd6 Rh4 22.
Nxc8 Qxc8 23. Qd3 Ne6 24. Bc1 Qc6 25. Bd2 Bc7 26. Rae1 b5 27. f4 Nxf4 28. Bxf4 Bxf4 29. Qf3 Qc8 30. Re4 g5 31. Rd1 Kg7 32. Re7 Qf5 33. Qd3 Qc8 34. Qd7 Qc4 35. Qd5 Be5 36. Rxe5 fxe5 37.
Qxe5+ f6 38. Rd7+ Kg6 39. Qe8+ Kf5 40. Rd1 Rf4 41. g4+ 1-0

[Event "*** Titled Tuesday Blitz"]
[Site "Chess.com"]
[Date "2021.02.09"]
[Round "9"]
[White "Chessmasterzt"]
[Black "Brave_spirit12"]
[Result "1-0"]
[WhiteElo "2619"]
[BlackElo "2500"]
[TimeControl "180+1"]
[EndTime "11:44:46 PST"]
[Termination "Chessmasterzt won by resignation"]

1. d4 Nf6 2. c4 c5 3. Nf3 cxd4 4. Nxd4 d5 5. cxd5 Nxd5 6. e4 Nb4 7. Be3 e5 8. Nb5 Qxd1+ 9. Kxd1 N8a6 10. a3 Nc6 11. Bc4 Be6 12. Bxe6 fxe6 13. Ke2 Be7 14. Nd2 Kf7 15. Nb3 Rhd8 16. Rhd1 Rac8 17. Rxd8 Nxd8 18. Rc1 Nc6 19. Nxa7 Nxa7 20. Bxa7 Rd8 21. Bb6 Rd7 22. Rd1 Rxd1 23. Kxd1 Ke8 24. Na5 Bc5 25. Nc4 Ke7 26. f3 Bd4 27. b4 Kd7 28. Bxd4 exd4 29. Ke2 b5 30. Ne5+ Kd6 31. f4 g5 32. Nf7+ Ke7 33.
Nxg5 h6 34. Nf3 Nc7 35. Nxd4 Kf6 36. e5+ Ke7 37. g3 Nd5 38. Nxb5 h5 39. Kd3 h4 40. Nc3 Nc7 41. gxh4 Ne8 42. a4 Ng7 43. a5 Kd7 44. Ne4 Nf5 45. Nc5+ Kc6 46. h5 Nh6 47. Nxe6 Ng4 48.
h3 Nf2+ 49. Kd4 Nxh3 50. h6 Ng1 51. Ke3 Nh3 52. h7 Kb5 53. h8=Q Ng5 54. Nxg5 1-0

[Event "*** Titled Tuesday Blitz"]
[Site "Chess.com"]
[Date "2021.02.09"]
[Round "9"]
[White "esrosenberg"]
[Black "leoduarte"]
[Result "1-0"]
[WhiteElo "2103"]
[BlackElo "2380"]
[TimeControl "180+1"]
[EndTime "11:44:46 PST"]
[Termination "esrosenberg won on time"]

1. Nf3 c5 2. e4 Nc6 3. Bb5 Qb6 4. Nc3 e6 5. O-O Nge7 6. a4 a6 7. Bc4 Ng6 8. Ra3 Be7 9. d3 O-O 10. h4 Nxh4 11. Nxh4 Bxh4 12. Qh5 Qd8 13. g3 Bf6 14. Kg2 g6 15. Qxc5 Bd4 16. Qg5 Qxg5 17. Bxg5 Bc5 18. Raa1 b6 19. Bh6 Re8 20. Ne2 Bb7 21. c3 d5 22. Ba2 dxe4 23. dxe4 Ne5 24. f3 Rad8 25. Rad1 Rxd1 26. Rxd1 f5 27. Nf4 fxe4 28. Bxe6+ Kh8 29. Bd5 exf3+ 30. Kh3 Bxd5 31. Nxd5 f2 32. Nf6 Rc8 33. Kg2 Nd3 34. Rxd3 1-0

[Event "*** Titled Tuesday Blitz"]
[Site "Chess.com"]
[Date "2021.02.09"]
[Round "9"]
[White "A-S-00"]
[Black "esteban062000"]
[Result "1-0"]
[WhiteElo "2289"]
[BlackElo "2139"]
[TimeControl "180+1"]
[EndTime "11:44:46 PST"]
[Termination "A-S-00 won by resignation"]

1. e4 c5 2. d4 cxd4 3. c3 d3 4.
Bxd3 g6 5. Nf3 Bg7 6. O-O Nc6 7. b3 d6 8. Bb2 Nf6 9. Nbd2 O-O 10. c4 a5 11. a3 b6 12. Rc1 Bb7 13. Bb1 Rc8 14. Re1 Qd7 15. h3 e6 16. Nf1 Rfd8 17. Ne3 Ne7 18. Nd2 b5 19. cxb5 Qxb5 20. Ndc4 d5 21. exd5 Nexd5 22. Qe2 Nxe3 23. Qxe3 Nd5 24. Qg3 Nf6 25.
Nd6 Rxc1 26. Rxc1 Qa6 27. Nxb7 Qxb7 28. Qh4 Qd7 29. Bxf6 Bxf6 30. Qxf6 Qd2 31. Rf1 Re8 32.
Be4 Qe2 33. Qd4 e5 34. Qd3 Qb2 35. a4 f5 36. Bd5+ Kg7 37. Rb1 Qxb3 1-0

[Event "*** Titled Tuesday Blitz"]
[Site "Chess.com"]
[Date "2021.02.09"]
[Round "9"]
[White "SARGISMV"]
[Black "mirochka"]
[Result "1-0"]
[WhiteElo "2450"]
[BlackElo "2267"]
[TimeControl "180+1"]
[EndTime "11:44:47 PST"]
[Termination "SARGISMV won by checkmate"]

1. c4 Nf6 2. Nc3 e6 3. e4 c5 4. e5 Ng8 5. Nf3 Nc6 6. d4 cxd4 7.
Nxd4 Nxe5 8. Ndb5 f6 9. Be3 a6 10. Nd6+ Bxd6 11. Qxd6 Ne7 12. Bb6 Nf5 13. Qb4 Qe7 14. c5 O-O 15. O-O-O Qf7 16. g4 Ne7 17. h3 f5 18. Be2 f4 19. f3 Qg6 20. h4 N7c6 21. Qa4 d5 22. cxd6 Bd7 23. h5 Qf6 24. Ne4 Qf7 25. Nc5 Rac8 26. Qe4 Qf6 27. Kb1 Be8 28.
d7 Bxd7 29. Nxd7 Nxd7 30. Rxd7 Ne5 31. Bd4 Nxd7 32. Bxf6 Nxf6 33. Qxe6+ Kh8 34. Bd3 Rcd8 35. Qf5 Rd5 36. Qxf4 Rxd3 37. Rc1 Nd5 38. Qxf8# 1-0

[Event "*** Titled Tuesday Blitz"]
[Site "Chess.com"]
[Date "2021.02.09"]
[Round "9"]
[White "kuban1991"]
[Black "Vanina1989"]
[Result "1-0"]
[WhiteElo "2905"]
[BlackElo "2734"]
[TimeControl "180+1"]
[EndTime "11:44:48 PST"]
[Termination "kuban1991 won on time"]

1. Nf3 d5 2. g3 c6 3. Bg2 Bg4 4. Ne5 Be6 5. d4 Nd7 6. O-O Nxe5 7. dxe5 Qd7 8. c4 dxc4 9. Qa4 Qc7 10. Na3 a6 11.
Nxc4 Rc8 12. Qc2 b5 13. Na5 Qxa5 14. Bxc6+ Rxc6 15. Qxc6+ Bd7 16. Qb7 f6 17. Rd1 Be6 18. Bd2 Qa4 19. b3 Qg4 20. Qxa6 Kf7 21. Qxb5 h5 22. Qb4 Qg6 23. h4 fxe5 24. a4 Nf6 25. a5 Ne4 26. Be1 Bc8 27. Qb6 Nd6 28. a6 Qe4 29. Qe3 Qa8 30. Qf3+ Qxf3 31. exf3 e6 32. a7 Bb7 33. a8=Q Bxa8 34. Rxa8 Nf5 35. Rdd8 Nd4 36.
Kg2 g6 37. Bb4 1-0

[Event "*** Titled Tuesday Blitz"]
[Site "Chess.com"]
[Date "2021.02.09"]
[Round "9"]
[White "louis198"]
[Black "Pogosian_Manvel"]
[Result "0-1"]
[WhiteElo "2539"]
[BlackElo "2408"]
[TimeControl "180+1"]
[EndTime "11:44:48 PST"]
[Termination "Pogosian_Manvel won by resignation"]

1. d4 Nf6 2. c4 g6 3. Nc3 Bg7 4. e4 O-O 5. Nf3 d6 6. Be2 Nbd7 7. O-O e5 8. dxe5 Nxe5 9. Nxe5 dxe5 10. Qc2 Nd7 11.
Rd1 c6 12. b3 Re8 13. Ba3 Qg5 14. Rd3 Bf8 15. Bxf8 Nxf8 16. Rad1 Ne6 17. Rg3 Qf6 18. h4 Nd4 19. Qd2 Qxh4 20. Qe3 Be6 21. Bf1 Rad8 22. Rd3 Rd7 23. Ne2 Red8 24. Nxd4 Rxd4 25.
Rxd4 Rxd4 26. Bd3 Qd8 27. Be2 Rd2 28. a4 a5 29. Bg4 Bxg4 30. Rxg4 Rd3 31. Qh6 Qf8 32. Qg5 f6 33. Qf5 Rxb3 34. f4 Rb1+ 35. Kh2 Qh6+ 36. Kg3 Rb3+ 37. Kf2 Qxf4+ 38. Rxf4 gxf5 39.
Rxf5 Kf7 40. g4 h6 41. Rh5 Kg6 42. Rh1 Rb4 43. Ke3 Rxc4 44. Rb1 Rb4 45. Ra1 Rb3+ 46. Kd2 Kg5 0-1

[Event "*** Titled Tuesday Blitz"]
[Site "Chess.com"]
[Date "2021.02.09"]
[Round "9"]
[White "Andrakhanova"]
[Black "mr65"]
[Result "1-0"]
[WhiteElo "2249"]
[BlackElo "2094"]
[TimeControl "180+1"]
[EndTime "11:44:48 PST"]
[Termination "Andrakhanova won by resignation"]

1. c4 Nf6 2. Nc3 g6 3. g3 Bg7 4.
Bg2 O-O 5. d4 d6 6. Nf3 Nc6 7.
O-O a6 8. e4 Bg4 9. h3 Bxf3 10.
Bxf3 e5 11. d5 Nd4 12. Bg2 Nd7 13. Be3 f5 14. Bxd4 exd4 15. Ne2 fxe4 16. Nxd4 e3 17.
Ne6 Qf6 18. Nxf8 Rxf8 19. fxe3 Qxb2 20. Rxf8+ Kxf8 21. Rb1 Qc3 22. Qf3+ Ke7 23. Rxb7 Qxc4 24. Qe4+ Qxe4 25. Bxe4 Bh6 26. Kf2 Nc5 27. Rb4 Bg7 28. Kf3 a5 29. Rb8 Be5 30. g4 h5 31.
Bxg6 hxg4+ 32. Kxg4 a4 33. Ra8 Bb2 34. a3 Bxa3 35. Bc2 Bc1 36. Bxa4 Bxe3 37. Re8+ Kf6 38. Rxe3 Nxa4 39. h4 Nb6 40. Rd3 Nc4 41. Rf3+ Kg6 42.
h5+ Kg7 43. Rc3 Ne5+ 44. Kf5 Kh6 45. Rxc7 Nf3 46. Rd7 Nd4+ 47. Kf6 Kxh5 48. Rxd6 Kg4 49. Re6 Nf5 50. d6 1-0

[Event "*** Titled Tuesday Blitz"]
[Site "Chess.com"]
[Date "2021.02.09"]
[Round "9"]
[White "floplover"]
[Black "AlexSuv"]
[Result "1-0"]
[WhiteElo "2316"]
[BlackElo "2437"]
[TimeControl "180+1"]
[EndTime "11:44:49 PST"]
[Termination "floplover won on time"]

1. d4 Nf6 2. Nf3 e6 3. Bf4 c5 4. e3 b6 5. c3 Bb7 6. Nbd2 cxd4 7. exd4 d6 8. Bd3 Be7 9. O-O O-O 10. Re1 Nbd7 11. a4 a6 12. Qe2 Re8 13. h3 Nf8 14. Ne4 Nxe4 15. Bxe4 Bxe4 16. Qxe4 Ng6 17.
Bg3 Qd7 18. Qe2 b5 19. axb5 axb5 20. Qe4 Rab8 21. Ra6 d5 22. Qd3 Rb7 23. Rea1 h5 24. Ra8 Bf6 25. h4 b4 26. c4 dxc4 27. Qxc4 Kh7 28. Qe2 Rxa8 29. Rxa8 Qb5 30. Qd1 Qf5 31. Qd2 Qe4 32. Ng5+ Bxg5 33. Qxg5 Qg4 34. Qd8 Rb5 35. Qg8+ Kh6 36. Qxf7 Rd5 37. Rg8 1-0

[Event "*** Titled Tuesday Blitz"]
[Site "Chess.com"]
[Date "2021.02.09"]
[Round "9"]
[White "kai_nov"]
[Black "kubal123"]
[Result "1-0"]
[WhiteElo "2363"]
[BlackElo "2197"]
[TimeControl "180+1"]
[EndTime "11:44:49 PST"]
[Termination "kai_nov won by checkmate"]

1. d4 d5 2. c4 Nc6 3. Nc3 dxc4 4. d5 Ne5 5. f4 Ng4 6. e4 e5 7. f5 h5 8. Nf3 Bc5 9. h3 Nf2 10. Qa4+ Bd7 11. Qxc4 Nxh1 12. Qxc5 Ng3 13. Bd3 f6 14. Nh4 Ne7 15. Qf2 Nxe4 16. Bxe4 Nc8 17. Ng6 Rh7 18. Be3 Nd6 19. O-O-O Qc8 20. g4 hxg4 21.
hxg4 Kf7 22. Kb1 a5 23. Bc5 a4 24. a3 Rh3 25. Rc1 Rxc3 26. bxc3 Nxe4 27. Qe3 Nxc5 28. Qxc5 b6 29. Qe7+ Kg8 30. Kb2 Qe8 31. Rh1 Qxe7 32. Nxe7+ Kf7 33. Ng6 Rd8 34. c4 Bc8 35. Kc3 Bb7 36.
Nh8+ Kg8 37. Ng6 Kf7 38. Nh8+ Ke7 39. Ng6+ Kd6 40. Rh7 Kc5 41. Rxg7 Rd7 42. Rxd7 b5 43. Rxc7+ Kb6 44. Rxb7+ Kxb7 45. cxb5 Kb6 46. Kb4 Kc7 47.
d6+ Kxd6 48. g5 Kd5 49. b6 Kd4 50. gxf6 Kd3 51. f7 Ke2 52. f8=Q Kf2 53. Qd6 Kg1 54. Qxe5 Kg2 55. Qa5 Kf1 56. Qxa4 Kg1 57. Qc2 Kf1 58.
f6 Ke1 59. f7 Kf1 60. f8=Q+ Ke1 61. Qff2# 1-0

[Event "*** Titled Tuesday Blitz"]
[Site "Chess.com"]
[Date "2021.02.09"]
[Round "9"]
[White "LamaChampetre"]
[Black "oykuince"]
[Result "1-0"]
[WhiteElo "2235"]
[BlackElo "1985"]
[TimeControl "180+1"]
[EndTime "11:44:50 PST"]
[Termination "LamaChampetre won on time"]

1. d4 Nf6 2. c4 e6 3. Nf3 b6 4. g3 Bb7 5. Bg2 Bb4+ 6. Nbd2 O-O 7. O-O d5 8. Ne5 Nbd7 9. Qa4 a5 10. Nc6 Qc8 11. Nxb4 axb4 12. Qxb4 dxc4 13. Qxc4 Bxg2 14. Kxg2 Qb7+ 15. Nf3 c5 16. Bf4 cxd4 17. Qxd4 Rfd8 18. Rfd1 Nd5 19. Bg5 f6 20. Be3 Nxe3+ 21. Qxe3 e5 22. Kg1 Nc5 23. b4 Ne6 24. Qb3 Kf7 25. a4 g5 26. h4 g4 27. Nh2 h5 28. Nf1 f5 29.
Ne3 f4 30. Nf5 Kf6 31. Nd6 Qc6 32. Rac1 Qxc1 33. Ne4+ Kf5 34. Rxc1 Kxe4 35. Qxe6 Rd4 36. Qc6+ 1-0